 Dungeon Crawl Stone Soup version 0.30-b1-2-g02819fbbbe (webtiles) character file.

Game seed: 9500257170489696229

993 asdfasdf the Cleaver (level 8, -3/68 HPs)
             Began as a Hill Orc Fighter on May 2, 2023.
             Constricted to death by Maggie (6 damage)
             ... on level 6 of the Dungeon.
             The game lasted 00:08:39 (3926 turns).

asdfasdf the Cleaver (Hill Orc Fighter)             Turns: 3926, Time: 00:08:39

Health: -3/68      AC: 17    Str: 21      XL:     8   Next: 19%
Magic:  8/8        EV:  6    Int:  7 (8)  God:
Gold:   1160       SH:  4    Dex:  8 (10) Spells: 7/7 levels left

rFire   . . .        a - +0 war axe
rCold   . . .        c - +0 buckler
rNeg    . . .        b - +0 scale mail
rPois   .            k - +1 helmet
rElec   .            (no cloak)
rCorr   .            s - +0 pair of gloves
SInv    .            (no boots)
Will    .....        (no amulet) Stlth
                     f - +4 ring of slaying
HPRegen 0.31/turn    l - +4 ring of protection
MPRegen 0.11/turn

%: no passive effects
@: grasped by roots, constricted, studying Unarmed Combat
A: iridescent scales 1
a: no special abilities


You were on level 6 of the Dungeon.
You visited 1 branch of the dungeon, and saw 6 of its levels.

You collected 1160 gold pieces.

Inventory:

Hand Weapons
 a - a +0 war axe (weapon)
Missiles
 o - a throwing net (quivered)
Armour
 b - a +0 scale mail (worn)
 c - a +0 buckler (worn)
 k - a +1 helmet (worn)
 s - a +0 pair of gloves (worn)
 t - a +1 hat
Jewellery
 f - a +4 ring of slaying (left hand)
 j - a ring of poison resistance
 l - a +4 ring of protection (right hand)
 m - a ring of resist corrosion
Scrolls
 i - a scroll of fog {unknown}
 q - 2 scrolls of fear {unknown}
 r - 4 scrolls of identify
Potions
 d - a potion of might
 e - a potion of mutation
 g - a potion of lignification
 h - a potion of invisibility {unknown}
 n - 3 potions of curing
 p - a potion of haste


   Skills:
 + Level 5.2 Fighting
 + Level 8.9 Axes
 + Level 5.5 Armour
 + Level 1.5 Dodging
 + Level 0.9 Stealth
 + Level 4.4 Shields


You had 7 spell levels left.
You didn't know any spells.
Your spell library contained the following spells:

 Spells                   Type           Power      Damage    Failure   Level
 Cigotuvi's Dreadful Rot  Necr/Pois/Air  0%         N/A       91%         2
 Dispel Undead            Necr           0%         3d6       100%        4
 Manifold Assault         Tloc           0%         N/A       100%        4
 Death Channel            Necr           0%         N/A       100%        6
 Dispersal                Tloc           0%         N/A       100%        6
 Disjunction              Tloc           0%         N/A       100%        8


Dungeon Overview and Level Annotations

Branches:
Dungeon (6/15)
 Temple: D:4-7

Altars:
Nemelex Xobeh
Vehumet

Shops:
D:4 *

Annotations:
D:6 3 runed translucent doors, HumanPerson's ghost, novice FoFi; Maggie


Innate Abilities, Weirdness & Mutations

You are partially covered in iridescent scales. (AC +2)


Message History

You hit Maggie but do no damage.
Maggie is moderately wounded.
Maggie hits you with a +2 broad axe of flaming.
Maggie burns you. The grasping roots constrict you!
You barely miss Maggie.
Maggie is moderately wounded.
Maggie closely misses you. The grasping roots constrict you.
You hit Maggie.
Maggie is moderately wounded.
Maggie hits you but does no damage. The grasping roots constrict you.
The grasping roots release their grip on you.
You slash Maggie!
Maggie is heavily wounded.
You hear the hiss of an avalanche of sand nearby.
Maggie hits you with a +2 broad axe of flaming.
Maggie burns you.
You hit Maggie.
Maggie is heavily wounded.
You break out of your daze.
Maggie hits you with a +2 broad axe of flaming.
Maggie burns you.
* * * LOW HITPOINT WARNING * * *
You slash Maggie!
Maggie is severely wounded.
Maggie casts a spell at you. The bolt of fire hits you!!
* * * LOW HITPOINT WARNING * * *
You hit Maggie.
Maggie is severely wounded.
You block Maggie's attack.
You slash Maggie!
Maggie is almost dead.
Maggie zaps a wand.
The roots erupt in riotous growth!
The grasping roots grab you!
Maggie is unaffected.
The grasping roots constrict you.
Unknown command.
It was a potion of mutation.
You feel extremely strange.
Iridescent scales grow over part of your body.
Maggie hits you but does no damage. The grasping roots constrict you.
You die...

######.# #......#
#.####.# #.#
#.########### #.#
#.#..........
##.####.#.#########
#...##....# #....[
#...##....# #.....
#.@.##....# #...).
#.@.##....# #.....
.....###.#.# #.....
###...# #.#.# #.....
..... ..... ......)
########.#....#.....
........< .........
..##...


You could see Maggie.

Vanquished Creatures
  Grinder (D:5)
  A sky beast (D:5)
  A black bear (D:5)
  An ogre (D:5)
  3 hounds
  A jelly (D:5)
  An iguana (D:4)
  3 orc wizards
  6 gnolls
  15 adders
  A shadow imp (D:6)
  A white imp (D:5)
  An ufetubus (D:6)
  3 worms
  2 dart slugs (D:5)
  8 orcs
  6 endoplasms
  A giant cockroach (D:4)
  5 goblins
  9 hobgoblins
  5 jackals
  6 quokkas
  5 ball pythons
  2 bats
  5 frilled lizards
  11 kobolds
  5 rats
109 creatures vanquished.

Notes
Turn   | Place    | Note
-------+----------+-------------------------------------------
     0 | D:1      | asdfasdf the Hill Orc Fighter began the quest for the Orb.
     0 | D:1      | Reached XP level 1. HP: 19/19 MP: 1/1
   110 | D:1      | Found a faded altar of an unknown god.
   267 | D:1      | Reached XP level 2. HP: 27/27 MP: 2/2
   287 | D:1      | Reached skill level 3 in Axes
   345 | D:1      | Reached XP level 3. HP: 31/33 MP: 3/3
   658 | D:2      | Reached skill level 4 in Axes
   658 | D:2      | Reached XP level 4. HP: 16/40 MP: 4/4
   781 | D:2      | Identified a scroll of acquirement
   781 | D:2      | Acquired 881 gold pieces
  1325 | D:3      | Reached XP level 5. HP: 45/46 MP: 5/5
  1422 | D:3      | Reached skill level 5 in Axes
  2345 | D:4      | Reached XP level 6. HP: 46/53 MP: 6/6
  2552 | D:4      | Reached skill level 6 in Axes
  2682 | D:4      | Found Zoeghikuad's General Store.
  2742 | D:4      | Found a sparkling altar of Nemelex Xobeh.
  3033 | D:5      | Entered Level 5 of the Dungeon
  3033 | D:5      | Noticed Grinder
  3046 | D:5      | Killed Grinder
  3047 | D:5      | Reached skill level 7 in Axes
  3047 | D:5      | Reached skill level 1 in Dodging
  3047 | D:5      | Reached XP level 7. HP: 52/60 MP: 7/7
  3115 | D:5      | Reached skill level 5 in Armour
  3277 | D:5      | Reached skill level 8 in Axes
  3308 | D:5      | Reached skill level 5 in Fighting
  3322 | D:5      | Reached XP level 8. HP: 38/68 MP: 8/8
  3486 | D:5      | Found a radiant altar of Vehumet.
  3817 | D:6      | Found a runed translucent gate.
  3818 | D:6      | Found a runed translucent gate.
  3818 | D:6      | Found a runed translucent gate.
  3862 | D:6      | Noticed HumanPerson's ghost (novice FoFi)
  3911 | D:6      | Noticed Maggie
  3923 | D:6      | HP: 2/68 [Maggie/bolt of fire (18)]
  3926 | D:6      | Gained mutation: You are partially covered in iridescent
                  | scales. (AC +2) [potion of mutation]
  3926 | D:6      | Constricted to death by Maggie

Illustrated notes

Levels and vault maps discovered:
D:1:      amcnicky_arrival_single_pillar, layout_basic,
          shapermc_ecumenical_altar_notcrosses
D:2:      layout_loops_cross
D:3:      layout_basic, wander_ebering_terrifying_dragon_lair
D:4:      layout_loops_ring, nemelex_dance_club_becter, serial_shops, shop
D:5:      layout_rooms, old_standard_altar, uniq_grinder
D:6:      kb_forest_paths, layout_basic, minmay_temple_entry_fiery,
          gammafunk_ghost_necromancy, chequers_ossuary_entry_cave,
          corexii_corridor_pit, nicolae_nh_oracle_at_delphi, uniq_sigmund,
          uniq_edmund, uniq_maggie, uniq_eustachio, uniq_pikel

Skill      XL: |  1  2  3  4  5  6  7 |
---------------+----------------------+-----
Axes           | 3 4 5 7 8 |  8.9
Fighting       | 4 5 |  5.2
Armour         | 4 5 |  5.5
Shields        | 4 |  4.4
Dodging        | 1 |  1.5
Stealth        | |  0.9

Action                     |  1- 3 |  4- 6 |  7- 9 || total
---------------------------+-------+-------+-------++-------
  Melee: War axe           |    72 |   150 |    82 ||   304
    Use: Scroll            |     1 |     2 |     2 ||     5
         Potion            |       |       |     6 ||     6
 Armour: Scale mail        |    41 |    66 |    53 ||   160
  Dodge: Dodged            |    33 |    72 |    49 ||   154
  Block: Buckler           |    18 |    21 |    17 ||    56
